AoeStats
← [Marty]TheEY

Nomad

509429875Analyzed
4v4 RM · 6d ago on Sep 26, 2026· 24m 21s· 8 players
Game mode
Random Map
Map size
231×231
Population
200
Speed
Normal
Resources
Standard
Victory
Conquest
Starting age
Dark Age
Ending age
Imperial Age
RankedLock teamsTeams togetherTeam positionsShared explorationLock speedFull tech treeHidden civsTurbo modeCheats
Victory
Defeat
🇭🇰 Malay · Hong Kong SAR China
1572
+19
🇭🇰 Byzantines · Hong Kong SAR China
1564
+19
🇭🇰 Mongols · Hong Kong SAR China
1544
+20
🇭🇰 Jurchens · Hong Kong SAR China
1504
+20
🇨🇦 Saxons · Canada
1657
-21
🇪🇸 Teutons · Spain
1641
-20
🇪🇸 Tatars · Spain
1619
-19
🇳🇱 Armenians · Netherlands
1591
-18
Komkommersla
2:50 Loom
13:12 Feudal Age
13:14 Man-at-Arms
14:09 Double-Bit Axe
15:04 Arson
17:17 Forging
17:26 Long Swordsman
18:13 Town Watch
19:54 Scale Mail Armor
24:19 Castle Age
22:39 Gold Mining
Tales de Paleto
6:12 Loom
14:22 Feudal Age
20:20 Castle Age
18:50 Gold Mining
20:39 Double-Bit Axe
ノルフ
9:50 Loom
14:24 Feudal Age
18:49 Castle Age
AutoClickerv3
13:19 Feudal Age
14:05 Double-Bit Axe
14:10 Horse Collar
15:00 Gold Mining
22:24 Castle Age
20:23 Fletching
20:35 Stone Mining
21:20 Loom
23:23 Medium Warships
23:12 Bodkin Arrow
25:29 Wheelbarrow
happy伯
4:48 Loom
13:05 Feudal Age
13:39 Feudal Age
17:37 Castle Age
18:45 Fletching
19:30 Bodkin Arrow
phlui1122
3:41 Loom
4:30 Loom
13:46 Feudal Age
18:03 Castle Age
18:58 Double-Bit Axe
20:16 Bow Saw
22:16 Scale Barding Armor
22:51 Forging
24:31 Horse Collar
[Marty]TheEY
12:23 Feudal Age
12:00 Loom
12:16 Double-Bit Axe
14:35 Fletching
16:57 Town Watch
20:28 Loom
23:02 Castle Age
22:08 Gold Mining
22:12 Crossbowman
22:52 Bodkin Arrow
Yan
4:54 Loom
14:30 Feudal Age
16:36 Double-Bit Axe
17:55 Fishing Lines
20:18 Castle Age
21:11 Medium Warships
21:22 Bow Saw
Connection lost

Rejoining the realm…

Still unreachable

The connection could not be restored.

Session expired

The server has moved on; the page needs a fresh start.